 Dungeon Crawl Stone Soup version 0.27.1 (webtiles) character file.

Game seed: 15458721010099084600

79 AttackTheMoon the Chopper (level 4, -4/40 HPs)
             Began as a Minotaur Berserker on Sept 3, 2021.
             Was a Believer of Trog.
             Slain by a gnoll (7 damage)
             ... on level 3 of the Dungeon.
             The game lasted 00:04:39 (1503 turns).

AttackTheMoon the Chopper (Minotaur Berserker)      Turns: 1503, Time: 00:04:40

Health: -4/40      AC:  7    Str: 22    XL:     4   Next: 17%
Magic:  3/3        EV: 11    Int:  4    God:    Trog [**....]
Gold:   30         SH:  0    Dex: 10    Spells: 3/3 levels left

rFire    . . .     SeeInvis .   a - +0 hand axe
rCold    . . .     Faith    .   (no shield)
rNeg     . . .     Spirit   .   c - +0 ring mail
rPois    .         Reflect  .   f - +2 hat
rElec    .         Harm     .   (no cloak)
rCorr    .         Rampage  .   (no gloves)
Will     ++...                  (no boots)
Stlth    ..........             d - amulet of magic regeneration
HPRegen  1.13/turn              (no ring)
MPRegen  0.33/turn              (no ring)

@: strong-willed, regenerating
A: horns 2, retaliatory headbutt
a: Renounce Religion, Berserk, Trog's Hand


You were on level 3 of the Dungeon.
You worshipped Trog.
Trog was pleased with you.
You visited 1 branch of the dungeon, and saw 3 of its levels.

You collected 30 gold pieces.

Inventory:

Hand Weapons
 a - a +0 hand axe (weapon)
Armour
 b - a +0 animal skin
 c - a +0 ring mail (worn)
 f - a +2 hat (worn)
Jewellery
 d - an amulet of magic regeneration (around neck)
Scrolls
 e - 4 scrolls of identify
 g - a scroll of acquirement
Potions
 h - a potion of haste


   Skills:
 + Level 4.1 Fighting
 + Level 4.2 Axes
 + Level 3.2 Armour
 + Level 2.6 Dodging
 + Level 1.5 Shields
 + Level 1.1 Evocations


You had 3 spell levels left.
You didn't know any spells.
Your spell library was empty.

Dungeon Overview and Level Annotations

Branches:
Dungeon (3/15)

Altars:


Innate Abilities, Weirdness & Mutations

You have a pair of horns on your head.
You reflexively headbutt those who attack you in melee.


Message History

The gnoll barely misses you. The worm bites you but does no damage.
You hit the worm.
The worm is heavily wounded.
The gnoll closely misses you. The worm misses you. You furiously retaliate!
You headbutt the worm! You slash the worm!
You kill the worm!
Trog accepts your kill. The gnoll misses you.
You have reached level 4!
You feel agile.
You slash the goblin!
You kill the goblin!
Trog accepts your kill.
The gnoll hits you from afar with a +0 halberd!
The gnoll closely misses you. You furiously retaliate!
You headbutt the gnoll. The gnoll hits you but does no damage.
Things that are here:
a +0 club; a +0 whip; a goblin corpse You closely miss the gnoll.
You headbutt the gnoll.
The gnoll is severely wounded.
You closely miss the gnoll. The gnoll hits you with a +0 halberd!
The gnoll barely misses you. x2
You hit the gnoll but do no damage. You headbutt the gnoll.
You kill the gnoll!
Trog accepts your kill.
You closely miss the gnoll. The gnoll hits you but does no damage.
You completely miss the gnoll. The gnoll barely misses you.
You barely miss the gnoll. Your headbutt misses the gnoll.
The gnoll hits you with a +0 halberd!
* * * LOW HITPOINT WARNING * * *
The gnoll closely misses you.
You are too injured to fight recklessly!
You are too injured to fight recklessly!
You hit the gnoll but do no damage. The gnoll hits you with a +0 halberd!
* * * LOW HITPOINT WARNING * * *
Your skin crawls.
You feel strong-willed. The gnoll hits you with a +0 halberd!
You die...

.<.#.###.# ##
..###.#...#
....#####.#.###
...............
######†#†#####
. #....#.# ...
#######.####.#
.....##.......#
#.#
.......@#######
#.# ..####.)g#
#.# #.....# ..#
#.......# .##
#.......#
#.>.....#
#......##
........


You could see a gnoll.

Vanquished Creatures
  2 gnolls (D:3)
  An adder (D:3)
  2 worms
  A dart slug (D:1)
  3 bats (D:1)
  5 endoplasms
  2 giant cockroaches (D:2)
  3 goblins
  7 hobgoblins
  3 quokkas
  5 ball pythons
  2 frilled lizards
  3 kobolds
  A rat (D:1)
40 creatures vanquished.

Notes
Turn   | Place    | Note
-------+----------+-------------------------------------------
     0 | D:1      | AttackTheMoon the Minotaur Berserker began the quest for
                  | the Orb.
     0 | D:1      | Reached XP level 1. HP: 19/19 MP: 0/0
   110 | D:1      | Reached XP level 2. HP: 26/27 MP: 1/1
   717 | D:2      | Reached skill level 1 in Shields
   742 | D:2      | Found a faded altar of an unknown god.
   750 | D:2      | Reached ** piety under Trog
   759 | D:2      | Reached XP level 3. HP: 29/33 MP: 2/2
  1044 | D:2      | Identified a scroll of acquirement
  1448 | D:3      | Reached skill level 1 in Evocations
  1496 | D:3      | Reached XP level 4. HP: 40/40 MP: 3/3
  1502 | D:3      | HP: 2/40 [gnoll (9)]
  1503 | D:3      | Slain by a gnoll

Illustrated notes

Levels and vault maps discovered:
D:1:      minmay_arrival_arboretum_small, layout_basic
D:2:      layout_loops_ring, ebering_ecumenical_altar_rust, minmay_cut_off
D:3:      layout_rooms

Skill      XL: |  1  2  3 |
---------------+----------+-----
Shields        | 1 |  1.5
Axes           | 4 |  4.2
Armour         | 3 |  3.2
Fighting       | 4 |  4.1
Evocations     | 1 |  1.1
Dodging        | |  2.6

Action                   |  1- 3 |  4- 6 || total
-------------------------+-------+-------++-------
Melee: Hand axe          |    85 |     6 ||    91
       Headbutt          |    18 |     2 ||    20
Invok: Trog's Hand       |       |     1 ||     1
  Use: Scroll            |     4 |       ||     4
Armor: Ring mail         |    26 |     2 ||    28
Dodge: Dodged            |    49 |     5 ||    54
